Map: Proxima Station LE

Players

souL - Winner!

  • Race: Terran Terran
  • Spawn Location: 7:00

Mamba

  • Race: Zerg Zerg
  • Spawn Location: 1:00

Event: WCS Valencia 2017

VOD

Have the link to the VOD?

Description

Time

  • Played on: July 13, 2017, 6:54 a.m.
  • Length: 11:08

All games in this series

Show
View Real Time Build Order
Export as new Build Order

souL Terran - Winner!

Build Orders: Reaper Expand, Hellion Banshee, MMM Bio 

Get SALT Encoding   

  12  0:01  SCV  
  13  0:13  SCV  
  14  0:18  Supply Depot  
  14  0:25  SCV  
  15  0:30  Refinery  
  15  0:40  SCV  
  16  0:46  Barracks  
  16  0:52  SCV  
  17  1:04  SCV  
  18  1:17  SCV  
  19  1:33  Orbital Command, Reaper  
  20  1:45  Command Center  
  20  1:57  Factory  
  20  1:59  SCV  
  21  2:11  Barracks Reactor, Supply Depot  
  21  2:14  SCV  
  22  2:18  Refinery  
  22  2:26  SCV  
  23  2:38  SCV  
  24  2:44  Starport  
  24  2:50  SCV  
  25  2:55  Hellion x2  
  25  2:58  Orbital Command  
  29  3:04  SCV  
  30  3:10  Barracks Tech Lab  
  30  3:17  SCV  
  30  3:19  Hellion x2  
  34  3:24  SCV  
  35  3:29  SCV  
  35  3:31  Medivac  
  35  3:33  Cloaking Field  
  38  3:35  Marine  
  38  3:36  SCV  
  38  3:41  SCV  
  41  3:45  Supply Depot  
  41  3:48  SCV  
  41  3:50  Hellion  
  41  3:53  SCV  
  45  4:01  SCV  
  46  4:04  Supply Depot  
  46  4:06  SCV, Banshee  
  46  4:07  Hellion  
  52  4:12  Armory  
  52  4:14  SCV  
  53  4:19  Supply Depot  
  53  4:26  Hellion  
  53  4:27  Supply Depot  
  53  4:28  Hellion, SCV  
  53  4:31  SCV  
  59  4:40  SCV  
  59  4:43  SCV  
  61  4:49  Supply Depot  
  61  4:51  Barracks Tech Lab, Raven  
  61  4:52  SCV  
  64  4:55  SCV  
  65  5:04  SCV  
  66  5:07  SCV  
  66  5:09  Command Center  
  67  5:15  Barracks  
  67  5:16  SCV, Barracks  
  67  5:17  Factory Reactor  
  67  5:20  Supply Depot  
  68  5:23  SCV  
  68  5:24  Engineering Bay x2  
  69  5:28  Supply Depot  
  69  5:29  Refinery  
  69  5:30  Refinery  
  69  5:33  SCV  
  69  5:35  Marine  
  71  5:38  SCV  
  70  5:44  Stimpack  
  70  5:45  SCV  
  67  5:50  SCV  
  67  5:51  Starport Reactor  
  67  5:53  Marine  
  69  5:57  SCV, Terran Infantry Weapons Level 1  
  69  6:00  Factory Reactor  
  69  6:02  SCV  
  71  6:06  Marine x2  
  71  6:09  SCV  
  71  6:11  Marine  
  75  6:14  Terran Infantry Armor Level 1, Marine, SCV  
  77  6:21  Orbital Command, SCV  
  77  6:23  Marine  
  77  6:24  Marine x2  
  81  6:26  SCV  
  81  6:28  Marine  
  81  6:29  Medivac x2  
  81  6:32  Marine  
  88  6:33  SCV  
  88  6:37  Barracks  
  88  6:38  SCV, Barracks  
  90  6:40  Marine, Supply Depot  
  90  6:46  Supply Depot  
  91  6:49  SCV  
  91  6:50  Terran Vehicle And Ship Armor Level 1  
  91  6:51  Refinery  
  91  6:52  SCV x2, Marine  
  95  6:57  Marine  
  95  7:01  SCV  
  97  7:02  Medivac  
  97  7:03  Medivac  
  97  7:04  SCV  
  97  7:05  SCV  
  103  7:09  Supply Depot  
  103  7:11  Supply Depot  
  103  7:13  SCV  
  103  7:14  Supply Depot  
  104  7:16  SCV  
  104  7:19  SCV  
  106  7:23  Marine x3  
  106  7:24  Factory, Refinery  
  106  7:25  SCV  
  106  7:28  SCV  
  106  7:29  Barracks Reactor  
  111  7:30  Barracks Reactor  
  111  7:32  SCV  
  111  7:33  Widow Mine x2  
  111  7:36  Supply Depot  
  116  7:38  Supply Depot  
  116  7:39  Marine x2  
  116  7:40  Marine  
  116  7:41  Marine x2  
  121  7:45  Combat Shields  
  121  7:48  Barracks  
  121  7:49  Medivac  
  121  7:50  Medivac  
  125  7:51  Barracks  
  125  7:57  Marine x2  
  113  7:58  Marine x2  
  113  7:59  Marine  
  113  8:01  Widow Mine  
  110  8:08  Liberator x2, Terran Infantry Weapons Level 2  
  110  8:10  Factory Tech Lab  
  110  8:11  Terran Infantry Armor Level 2  
  110  8:14  Marine  
  110  8:15  Marine  
  110  8:16  Marine x6  
  110  8:17  Marine, Supply Depot  
  125  8:32  Marine x2  
  127  8:34  Marine  
  127  8:37  Drilling Claws  
  127  8:38  Barracks Tech Lab, Command Center  
  128  8:41  Barracks Tech Lab  
  128  8:46  Marine x2  
  128  8:47  Marine  
  131  8:48  Marine  
  131  8:50  Marine, Widow Mine  
  131  8:51  Marauder  
  133  8:57  Marine  
  133  8:58  Marauder  
  133  9:05  Marine, Reaper  
  133  9:06  Marauder, Marine x4  
  133  9:07  Marine  
  141  9:10  Widow Mine  
  141  9:12  Marauder  
  132  9:19  Marauder  
  132  9:21  Thor  
  132  9:24  Marine  
  140  9:27  Liberator x2, Marauder  
  140  9:28  Supply Depot  
  140  9:30  Marine  
  144  9:34  Marauder  
  144  9:36  Marine  
  147  9:40  Marine  
  147  9:41  Marauder  
  156  9:48  Marauder  
  156  9:51  Marine  
  159  9:55  Marauder  
  152  10:02  Marauder  
  152  10:03  Marine  
  152  10:04  Marine x6  
  160  10:08  Marine  
  160  10:10  Marauder  
  160  10:11  Planetary Fortress  
  163  10:14  Thor  
  163  10:16  Marauder, Widow Mine x2  
  175  10:27  Medivac  
  175  10:28  Sensor Tower  
  177  10:34  Marine  
  177  10:35  Marine x9  
  187  10:37  Marine  
Show
View Real Time Build Order
Export as new Build Order

Mamba Zerg 

Build Orders: Hatch First 

Get SALT Encoding   

  12  0:01  Drone  
  13  0:13  Overlord  
  13  0:17  Drone  
  14  0:31  Drone x2  
  14  0:35  Drone  
  17  0:52  Hatchery  
  17  0:56  Drone  
  17  0:58  Drone  
  18  1:10  Extractor  
  17  1:14  Spawning Pool  
  17  1:17  Drone  
  17  1:20  Drone  
  18  1:29  Drone  
  19  1:40  Overlord  
  19  2:00  Queen  
  21  2:01  Zergling x2  
  21  2:02  Zergling x2  
  21  2:04  Queen  
  21  2:05  Zergling x2  
  26  2:09  Metabolic Boost  
  26  2:12  Drone  
  26  2:15  Drone  
  28  2:25  Drone  
  28  2:27  Drone  
  30  2:40  Queen x2  
  33  2:44  Overlord  
  33  2:46  Drone  
  33  2:50  Drone x2  
  36  3:00  Overlord  
  36  3:02  Spore Crawler  
  36  3:05  Drone  
  36  3:09  Drone x2  
  37  3:14  Drone x2  
  40  3:27  Hatchery  
  40  3:33  Drone x4  
  43  3:43  Drone  
  43  3:45  Lair  
  43  3:47  Queen  
  46  3:53  Drone x3  
  49  4:00  Overlord  
  49  4:06  Overlord x2  
  49  4:07  Zergling x2  
  49  4:08  Zergling x2  
  51  4:12  Overlord  
  51  4:21  Drone x6  
  51  4:23  Zergling x4  
  59  4:34  Spore Crawler  
  59  4:37  Drone x3  
  56  4:40  Spore Crawler  
  56  4:44  Spore Crawler  
  52  4:46  Drone x3  
  52  4:47  Overseer  
  55  4:54  Zergling x6  
  55  4:57  Zergling x10  
  63  5:07  Drone x4  
  63  5:13  Zergling x2  
  68  5:15  Spine Crawler  
  68  5:17  Spine Crawler  
  60  5:33  Drone x6  
  60  5:34  Zergling x2  
  60  5:35  Zergling x2  
  60  5:41  Zergling x2  
  60  5:42  Zergling x4  
  55  5:46  Queen x2  
  55  5:47  Queen  
  58  5:50  Zergling x6  
  60  5:59  Drone x2  
  60  6:00  Drone x3  
  60  6:02  Extractor  
  64  6:05  Evolution Chamber  
  64  6:07  Evolution Chamber  
  64  6:09  Drone x2, Hydralisk Den  
  63  6:12  Baneling Nest  
  62  6:21  Drone x3  
  65  6:30  Drone x4  
  66  6:36  Drone x3  
  66  6:38  Zerg Melee Weapons Level 1, Muscular Augments  
  68  6:43  Extractor, Drone x2  
  69  6:47  Overlord  
  69  6:52  Extractor  
  69  6:54  Extractor  
  67  6:55  Extractor, Drone x2  
  67  7:00  Drone x7  
  73  7:03  Drone x3  
  75  7:10  Drone  
  75  7:12  Drone x2  
  78  7:20  Zerg Ground Armor Level 1  
  78  7:22  Drone x3  
  81  7:25  Hatchery  
  81  7:29  Zergling x4  
  82  7:32  Baneling x6  
  82  7:39  Overlord  
  82  7:40  Hydralisk x5  
  82  7:43  Zergling x6  
  95  7:44  Baneling x2  
  95  7:48  Overlord  
  95  7:58  Hydralisk x4  
  90  8:03  Hydralisk  
  90  8:04  Hydralisk  
  93  8:11  Drone x2  
  93  8:12  Hydralisk x3  
  94  8:15  Zergling x8  
  104  8:20  Queen  
  106  8:27  Overlord  
  106  8:30  Centrifical Hooks  
  106  8:32  Overlord  
  106  8:34  Baneling x2  
  106  8:35  Baneling  
  106  8:38  Hatchery, Overlord  
  105  8:43  Zergling x8  
  105  8:44  Zergling x2  
  105  8:48  Zerg Melee Weapons Level 2  
  109  8:59  Zergling x16  
  102  9:14  Zergling x10  
  100  9:19  Queen x2  
  100  9:22  Zergling x6  
  107  9:27  Baneling x7  
  107  9:31  Zergling x6  
  107  9:32  Zergling x2  
  107  9:35  Overlord  
  111  9:40  Zergling x4  
  111  9:41  Zergling x4  
  111  9:44  Hydralisk x2  
  119  9:50  Hydralisk x2  
  110  10:02  Hydralisk x7  
  110  10:04  Zergling x2  
  110  10:05  Zergling x2  
  122  10:08  Baneling x5  
  122  10:19  Drone  
  122  10:20  Drone x4  
  127  10:27  Hydralisk x3  
  133  10:29  Zergling x2  
  133  10:32  Overlord x4  
  134  10:37  Overlord x2  
  134  10:38  Overseer  
  134  10:45  Overlord  
  134  10:46  Baneling x9  
  134  10:47  Baneling x4  
Tags
 
Add a new tag
Caveats
  • Supply blocks, unpowered buildings, or Contaminate may cause inaccurate times.
  • Supply counts are checked every 10 seconds.